 Dungeon Crawl Stone Soup version 0.23-a0-650-ga4d50d4 (webtiles) character file.

75654 zishaf the Apostle (level 15, -7/143 HPs)
             Began as a Hill Orc Monk on Jan 3, 2019.
             Was a High Priest of Beogh.
             Killed from afar by a shock serpent (16 damage)
             ... with a bolt of electricity
             ... on level 1 of the Snake Pit.
             The game lasted 01:14:22 (36599 turns).

zishaf the Apostle (Hill Orc Monk)                 Turns: 36599, Time: 01:14:23

Health: -7/143     AC: 24    Str: 25    XL:     15   Next: 50%
Magic:  8/24       EV: 11    Int: 10    God:    Beogh [*****.]
Gold:   1726       SH: 23    Dex: 13    Spells: 14/14 levels left

rFire    + + .     SeeInvis .   a - +1 broad axe
rCold    + . .     Gourm    .   S - +1 shield {AC+3}
rNeg     . . .     Faith    .   Y - +0 fire dragon scales
rPois    +         Spirit   .   g - +0 helmet
rElec    .         Reflect  +   y - +2 cloak {rPois}
rCorr    .         Harm     .   n - +1 pair of gloves
MR       ++...                  R - +0 pair of boots
Stlth    ..........             V - brooch of Shielding {Reflect SH+8}
HPRegen  0.33/turn              W - ring of protection from cold
MPRegen  0.19/turn              o - ring of Cingoy {MR+ Str+4}

@: recalling
A: walk on water, cold resistance 1, low mp 1
a: Smiting, Stop Recall, Give Item to Named Follower, Renounce Religion


You were on level 1 of the Snake Pit.
You worshipped Beogh.
Beogh was extremely pleased with you.
You were hungry.

You visited 3 branches of the dungeon, and saw 22 of its levels.
You also visited: Gauntlet.

You collected 1998 gold pieces.
You spent 272 gold pieces at shops.

Inventory:

Hand Weapons
 a - a +1 broad axe (weapon)
 b - a +0 hunting sling
Missiles
 h - 687 stones (quivered)
 x - 178 sling bullets
Armour
 g - a +0 helmet (worn)
 n - a +1 pair of gloves (worn)
 y - a +2 cloak of poison resistance (worn)
 R - a +0 pair of boots (worn)
 S - a +1 shield of protection (worn)
 Y - +0 fire dragon scales (worn)
Jewellery
 o - the ring of Cingoy (right hand) {MR+ Str+4}
   (You found it in a Gauntlet)

   [ring of protection from magic]

   It affects your strength (+4).
   It affects your resistance to hostile enchantments.
 t - an uncursed ring of poison resistance
 V - the brooch of Shielding (around neck) {Reflect SH+8}
   (You found it on level 3 of the Lair of Beasts)

   [amulet of reflection]

   It shields you and reflects attacks.
   It affects your SH (+8).
 W - a ring of protection from cold (left hand)
 X - an uncursed ring of protection from fire
Wands
 d - a wand of iceblast (14)
 r - a wand of acid (16)
 B - a wand of disintegration (17)
 C - a wand of enslavement (21)
 D - a wand of paralysis (7)
 F - a wand of scattershot (12)
 I - a wand of digging (13)
 Z - a wand of clouds (6)
Scrolls
 e - 2 scrolls of identify
 f - 11 scrolls of teleportation
 j - 7 scrolls of fear
 l - a scroll of magic mapping
 m - 16 scrolls of remove curse
 q - 4 scrolls of amnesia
 s - 3 scrolls of immolation
 u - 3 scrolls of enchant weapon
 z - 3 scrolls of enchant armour
 J - 2 scrolls of holy word
 O - a scroll of blinking
 P - 2 scrolls of fog
 U - a scroll of summoning
Potions
 i - 5 potions of lignification
 p - a potion of agility
 v - 8 potions of heal wounds
 w - a potion of ambrosia
 A - 13 potions of curing
 E - 6 potions of mutation
 G - 4 potions of flight
 H - 4 potions of invisibility
 M - a potion of haste
 N - 2 potions of cancellation
 Q - 5 potions of brilliance
 T - 3 potions of might
Miscellaneous
 k - a lamp of fire
 L - a fan of gales
Comestibles
 c - 61 rations


   Skills:
 + Level 15.8 Fighting
 + Level 11.8(11.9) Axes
   Level 2.0(6.7) Maces & Flails
 + Level 11.8 Armour
 + Level 3.0 Dodging
 - Level 1.5 Stealth
 - Level 15.0 Shields
 - Level 16.0 Invocations


You had 14 spell levels left.
You didn't know any spells.
Your spell library contained the following spells:

 Spells                   Type           Power        Failure   Level  Hunger
 Confusing Touch          Hex            #.....       65%         1    ##.....
 Shock                    Conj/Air       #...         65%         1    ##.....
 Blink                    Tloc           N/A          78%         2    ###....
 Shroud of Golubria       Chrm/Tloc      #.........   78%         2    ###....
 Slow                     Hex            #.......     78%         2    ###....
 Swiftness                Chrm/Air       #.......     78%         2    ###....
 Inner Flame              Hex/Fire       #.......     95%         3    ####...
 Recall                   Summ/Tloc      N/A          95%         3    ####...
 Static Discharge         Conj/Air       #.......     95%         3    ####...
 Stone Arrow              Conj/Erth      #.....       95%         3    ####...
 Airstrike                Air            #.........   100%        4    #####..
 Ice Form                 Ice/Tmut       #.......     100%        4    #####..
 Lightning Bolt           Conj/Air       #.........   100%        5    ######.
 Metabolic Englaciation   Hex/Ice        #.........   100%        5    ######.
 Yara's Violent Unravell  Hex/Tmut       #.........   100%        5    ######.
 Bolt of Cold             Conj/Ice       #.........   100%        6    #######
 Darkness                 Hex            #.........   100%        6    #######
 Freezing Cloud           Conj/Ice/Air   #.........   100%        6    #######
 Iron Shot                Conj/Erth      #.........   100%        6    #######
 Ozocubu's Refrigeration  Ice            #.........   100%        6    #######
 Simulacrum               Ice/Necr       #.........   100%        6    #######
 Dragon Form              Tmut           #.........   100%        7    #######
 Malign Gateway           Summ/Tloc      #.........   100%        7    #######
 Disjunction              Tloc           #.........   100%        8    #######
 Ignition                 Fire           #.........   100%        8    #######
 Shatter                  Erth           #.........   100%        9    #######
 Tornado                  Air            #.........   100%        9    #######


Dungeon Overview and Level Annotations

Branches:
Dungeon (15/15)            Temple (0/1) D:4            Lair (6/6) D:10
  Swamp (0/4) Lair:4        Snake (1/4) Lair:3        Slime (0/5) Lair:5
    Orc (0/2) D:12         Vaults (0/5) D:14         Depths (0/5) D:15

Altars:
Ashenzari
Dithmenos
Fedhas
Hepliaklqana
Nemelex Xobeh
Okawaru
Qazlal
Ru
Trog
Uskayaw
Vehumet
Xom
Yredelemnul
The Shining One

Shops:
D:6 ((   D:8 *   D:10 [   D:11 (}![   D:14 ?


Innate Abilities, Weirdness & Mutations

You can walk on water.
Your flesh is cold resistant. (rC+)
Your magical capacity is low. (-10% MP)


Message History

The bolt of electricity misses you. The bolt of electricity hits you!
* * * LOW HITPOINT WARNING * * *
The bolt of electricity hits your orc warrior. x2
Your orc warrior dies!
The bolt of electricity hits your orc priest.
The mana viper bites your orc. The mana viper bites your orc!
Your orc dies!
Your orc warrior hits the naga with a +1 glaive of protection!
You barely miss the shock serpent.
The shock serpent is heavily wounded.
Your orc warrior is recalled.
Your orc is recalled.
Your orc warrior is recalled.
The naga hits your orc warrior but does no damage.
The naga misses your orc warrior. The mana viper bites your orc!
Your orc dies!
The shock serpent shoots out a bolt of lightning at you!
The bolt of electricity hits you!
* * * LOW HITPOINT WARNING * * *
The bolt of electricity hits you!
You die...

...##.# ....
...##.# ...
...##.## ..#
.#.....# #.#
.##....# #.#
####...## #o# #
#....### #o## #
##.#...# #oo#### #
#.###.## ##@SSS# #
#o# #..# ##S†S# #
#.# ##.# #SSS###
## #.# #.##
###(o.# .# #.#
#..## ###N#### .#
#.# ##..## #))(.##
.## #.# ##..#####
####)÷# >.# #.####
##.....###...#...#
..# #....#
###.........###.#


You could see a shock serpent, 5 mana vipers, 2 water moccasins, a naga, 4
friendly orc warriors and a friendly orc priest.

Vanquished Creatures
  A minotaur (Gauntlet)
  Snorg (D:10)
  An ettin (D:15)
  4 hydras
  The ghost of jefus the Impaler, a journeyman MfGl of Cheibriados (D:10)
  A catoblepas (Lair:6)
  Erica (D:10)
  4 centaur warriors
  An anaconda (Snake:1)
  A two-headed ogre (D:15)
  A deep troll shaman (Lair:6)
  2 tengu warriors (D:15)
  2 naga sharpshooters (Snake:1)
  7 death yaks
  Nergalle (Lair:2)
  A fire crab (Lair:5)
  A shadow wraith (D:14)
  A salamander mystic (Snake:1)
  An unseen horror (D:15)
  A wolf spider zombie (D:13)
  A lindwurm (Lair:6)
  A deep elf mage (D:15)
  A necromancer (Lair:5)
  A wolf spider (D:13)
  An oklob plant (Lair:4)
  A mana viper (Snake:1)
  A manticore (Lair:4)
  An orc sorcerer (D:15)
  A cyclops (D:11)
  A salamander (Snake:1)
  3 elephants (Lair:6)
  2 black mambas (Snake:1)
  Maurice (D:10)
  2 gargoyles
  3 spiny frogs
  6 rime drakes
  A freezing wraith (D:14)
  7 komodo dragons
  2 tengu conjurers (D:15)
  2 queen bees
  9 meliai
  A meliai (shapeshifter) (Gauntlet)
  3 polar bears
  4 trolls
  11 blink frogs
  7 dream sheep (Lair:6)
  18 hippogriffs
  2 slime creatures
  4 shadows (Gauntlet)
  41 yaks
  A tarantella (shapeshifter) (Gauntlet)
  2 wraiths (D:13)
  6 wyverns
  Eustachio (D:5)
  6 basilisks
  A human (shapeshifter) (D:14)
  4 vampire mosquitoes
  Menkaure (D:5)
  A warg (D:12)
  2 nagas (Snake:1)
  3 soldier ants (Gauntlet)
  10 water moccasins
  A porcupine (Lair:1)
  3 sky beasts
  4 orc warriors
  A hornet zombie (D:9)
  2 phantoms (D:4)
  3 black bears
  A sky beast (shapeshifter) (Gauntlet)
  9 ogres
  2 elephant zombies (Lair:5)
  A black bear (shapeshifter) (D:14)
  6 wolves (Lair:6)
  13 centaurs
  3 boggarts (D:14)
  8 crocodiles
  A komodo dragon zombie (Lair:5)
  A big kobold (D:8)
  A gnoll sergeant (D:9)
  12 bullfrogs
  A wyvern skeleton (D:9)
  2 scorpions (D:4)
  6 jellies
  29 killer bees
  9 wights
  6 howler monkeys
  2 electric eels (Lair:5)
  4 crimson imps
  A quasit (D:8)
  2 centaur zombies
  A hound (D:11)
  2 bullfrog skeletons
  Crazy Yiuf (D:5)
  2 orc priests
  2 centaur skeletons
  5 orc wizards
  Ijyb (D:5)
  2 iguanas
  8 worker ants
  A killer bee zombie (D:9)
  2 crocodile zombies (Lair:5)
  A hound zombie (D:9)
  A hound skeleton (D:6)
  11 gnolls
  2 howler monkey skeletons
  6 adders
  4 shadow imps
  An ooze (D:5)
  An adder skeleton (D:9)
  5 worms
  A dart slug (D:3)
  12 leopard geckos
  19 orcs
  5 giant cockroaches
  7 goblins
  8 hobgoblins
  7 jackals
  9 kobolds
  4 quokkas
  2 ball pythons
  6 bats
  4 frilled lizards
  A leopard gecko skeleton (D:4)
  A quokka skeleton (D:5)
  A quokka zombie (D:4)
  5 rats
  A butterfly (Lair:4)
  3 plants (Lair:1)
  4 toadstools (D:1)
504 creatures vanquished.

Vanquished Creatures (collateral kills)
  A death knight (D:14)
  A hydra (Lair:3)
  A queen ant (Gauntlet)
  3 shock serpents (Snake:1)
  2 naga sharpshooters (Snake:1)
  A skeletal warrior (D:14)
  A wizard (D:14)
  2 mana vipers (Snake:1)
  A cyclops (D:14)
  2 slime creatures (D:15)
  A manticore (D:11)
  A centaur zombie (D:12)
  8 black mambas
  A naga mage (Snake:1)
  2 spiny frogs
  An efreet (D:13)
  A yaktaur (D:15)
  A rime drake (Lair:4)
  A redback zombie (D:14)
  A freezing wraith (D:14)
  A hornet (D:10)
  A blink frog (Lair:4)
  3 hippogriffs
  A shadow (Gauntlet)
  5 yaks
  A basilisk (shapeshifter) (D:15)
  A vampire (D:14)
  3 vampire mosquitoes (D:14)
  A basilisk (Lair:4)
  A warg (D:12)
  5 nagas (Snake:1)
  A porcupine (Lair:1)
  2 soldier ants (Gauntlet)
  3 orc warriors
  A black bear (Lair:2)
  A phantom (D:13)
  An ogre (D:12)
  3 crocodiles
  3 bullfrogs
  A wyvern skeleton (D:14)
  4 killer bees (D:11)
  2 wights (D:12)
  2 crimson imps
  A bullfrog zombie (D:12)
  An orc wizard (D:12)
  4 orc priests
  A worker ant (D:10)
  An adder (D:12)
  5 orcs
  A goblin (D:12)
  3 fungi
  4 plants
101 creatures vanquished.

Vanquished Creatures (others)
  4 orc knights
  An orc high priest (Lair:4)
  A cyclops (D:14)
  6 orc warriors
  7 orc priests
  6 orc wizards
  A naga (Snake:1)
  An ogre (D:4)
  A centaur (D:15)
  30 orcs
  A bush (Lair:5)
  16 fungi
  21 plants
96 creatures vanquished.

Grand Total: 701 creatures vanquished

Notes
Turn   | Place    | Note
-------+----------+-------------------------------------------
     0 | D:1      | zishaf the Hill Orc Monk began the quest for the Orb.
     0 | D:1      | Reached XP level 1. HP: 19/19 MP: 1/1
   150 | D:1      | Reached XP level 2. HP: 27/27 MP: 2/2
   198 | D:1      | Reached skill level 1 in Armour
   771 | D:2      | Reached XP level 3. HP: 14/33 MP: 3/3
   942 | D:2      | Found a sacrificial altar of Ru.
  1329 | D:2      | Found a glowing golden altar of the Shining One.
  2379 | D:2      | Found a glowing golden altar of the Shining One.
  2610 | D:2      | Reached XP level 4. HP: 21/41 MP: 4/4
  2624 | D:2      | Reached skill level 5 in Axes
  3193 | D:3      | Reached XP level 5. HP: 47/47 MP: 5/5
  3258 | D:3      | Found a shadowy altar of Dithmenos.
  3819 | D:4      | Noticed a phantom
  3838 | D:4      | Killed a phantom
  3838 | D:4      | Reached skill level 5 in Fighting
  3838 | D:4      | Reached XP level 6. HP: 36/56 MP: 6/6
  3959 | D:4      | Found a staircase to the Ecumenical Temple.
  4136 | D:4      | Found a bloodstained altar of Trog.
  4213 | D:4      | Noticed a phantom
  4240 | D:4      | Killed a phantom
  4558 | D:4      | Found a shattered altar of Ashenzari.
  4568 | D:4      | Became a worshipper of Beogh the Brigand
  4568 | D:4      | Reached * piety under Beogh
  4568 | D:4      | Reached ** piety under Beogh
  4644 | D:4      | Reached XP level 7. HP: 32/63 MP: 7/7
  4778 | D:4      | Found a hide-covered altar of Uskayaw.
  4779 | D:4      | Noticed a +0 dagger
  4780 | D:4      | Noticed a +0 dagger
  4790 | D:4      | Reached skill level 1 in Invocations
  5387 | D:5      | Entered Level 5 of the Dungeon
  5396 | D:5      | Noticed Ijyb
  5416 | D:5      | Killed Ijyb
  5416 | D:5      | Reached skill level 2 in Invocations
  5552 | D:5      | Found a shimmering altar of Xom.
  5736 | D:5      | Noticed Menkaure
  5742 | D:5      | Killed Menkaure
  5836 | D:5      | Reached skill level 5 in Armour
  5836 | D:5      | Reached skill level 3 in Invocations
  5836 | D:5      | Reached XP level 8. HP: 38/71 MP: 10/10
  6512 | D:5      | Found a blossoming altar of Fedhas.
  6512 | D:5      | Noticed Eustachio
  6565 | D:5      | Killed Eustachio
  6565 | D:5      | Reached skill level 4 in Invocations
  6988 | D:5      | Found a runed door.
  6992 | D:5      | Noticed Crazy Yiuf
  6998 | D:5      | Killed Crazy Yiuf
  7334 | D:6      | Reached skill level 10 in Fighting
  7334 | D:6      | Reached skill level 9 in Invocations
  7334 | D:6      | Reached XP level 9. HP: 85/85 MP: 11/15
  7605 | D:6      | You fall through a shaft!
  8018 | D:7      | Found a hazy altar of Hepliaklqana.
  8027 | D:7      | Reached XP level 10. HP: 79/94 MP: 17/17
  8580 | D:6      | Found Ytogiwul's Antique Weapon Emporium.
  8583 | D:6      | Bought a runed war axe for 97 gold pieces
  9049 | D:6      | Found Jirphoz's Weapon Emporium.
  9371 | D:7      | Found a stormy altar of Qazlal.
  9991 | D:8      | Found Pabbe's General Store.
 10060 | D:8      | Found a sparkling altar of Nemelex Xobeh.
 10207 | D:8      | Found a radiant altar of Vehumet.
 10260 | D:8      | Reached skill level 10 in Invocations
 10398 | D:8      | Found a sacrificial altar of Ru.
 10647 | D:9      | Found an iron altar of Okawaru.
 11383 | D:9      | Reached *** piety under Beogh
 12143 | D:10     | Entered Level 10 of the Dungeon
 12186 | D:10     | Noticed Erica
 12212 | D:10     | Killed Erica
 12648 | D:10     | Reached XP level 11. HP: 34/102 MP: 18/18
 12976 | D:10     | Noticed Snorg
 13293 | D:9      | Reached skill level 10 in Armour
 13308 | D:10     | Reached skill level 10 in Axes
 13315 | D:10     | Killed Snorg
 13650 | D:10     | Found a transporter.
 13650 | D:10     | Noticed jefus's ghost (journeyman MfGl)
 13651 | D:10     | Found a transporter.
 13804 | D:10     | Found Ifeinkam's Antique Armour Boutique.
 13804 | D:10     | Noticed Maurice
 13814 | D:10     | Killed Maurice
 13814 | D:10     | Reached skill level 11 in Invocations
 13857 | D:10     | Found a staircase to the Lair.
 14023 | D:10     | Killed jefus's ghost
 14042 | D:10     | Got a fine mace
 14043 | D:10     | Identified the +6 mace of Guile {flame, rN+} (You found it
                  | on level 10 of the Dungeon)
 14433 | D:10     | Bought a shield for 108 gold pieces
 14474 | D:11     | Noticed a manticore
 14486 | D:11     | Killed a manticore
 14888 | D:11     | Found Laymoe's Armour Emporium.
 14891 | D:11     | Bought a +0 pair of boots for 67 gold pieces
 14912 | D:11     | Reached **** piety under Beogh
 14912 | D:11     | Reached skill level 1 in Maces & Flails
 15116 | D:11     | Found Bekhlova's Gadget Shoppe.
 15144 | D:11     | Found Hatsif's Distillery.
 15265 | D:11     | Found Oxan's Weapon Shop.
 15623 | Lair:1   | Entered Level 1 of the Lair of Beasts
 16079 | Lair:1   | Gained Spirok as an ally
 16870 | Lair:2   | Noticed Nergalle
 16892 | Lair:2   | Killed Nergalle
 16892 | Lair:2   | Reached XP level 12. HP: 84/112 MP: 18/20
 17124 | Lair:2   | Reached ***** piety under Beogh
 17701 | Lair:2   | Gained mutation: Your magical capacity is low. (-10% MP)
                  | [potion of mutation]
 17701 | Lair:2   | Gained mutation: Your flesh is cold resistant. (rC+)
                  | [potion of mutation]
 18168 | Lair:3   | Found a staircase to the Snake Pit.
 18246 | Lair:3   | Noticed a five-headed hydra
 18253 | Lair:3   | Killed a five-headed hydra
 18253 | Lair:3   | Reached skill level 12 in Invocations
 18421 | Lair:3   | Found the brooch of Shielding {Reflect SH+8}
 18899 | Lair:4   | Your ally Spirok died
 18948 | Lair:4   | HP: 2/113 [blink frog (14)]
 19514 | Lair:4   | Found a staircase to the Swamp.
 19600 | Lair:4   | Noticed a death yak
 19603 | Lair:4   | Noticed a death yak
 19605 | Lair:4   | Noticed a death yak
 20409 | Lair:4   | Reached skill level 10 in Shields
 20419 | Lair:4   | Noticed a four-headed hydra
 20446 | Lair:4   | Killed a four-headed hydra
 20960 | Lair:4   | Reached skill level 13 in Invocations
 21039 | Lair:3   | Killed a death yak
 21039 | Lair:3   | Reached XP level 13. HP: 113/122 MP: 20/20
 22636 | Lair:5   | Found a staircase to the Slime Pits.
 24239 | Lair:5   | Identified Roxanne's Catalogue of Shifting Clay
 24396 | Lair:6   | Entered Level 6 of the Lair of Beasts
 24953 | Lair:6   | Reached skill level 14 in Invocations
 26629 | Lair:5   | Reached XP level 14. HP: 34/133 MP: 22/22
 28588 | D:12     | Gained Garbold as an ally
 28919 | D:12     | Found a staircase to the Orcish Mines.
 30238 | D:13     | Reached skill level 15 in Invocations
 31184 | D:14     | Reached skill level 15 in Fighting
 31186 | D:14     | Found a gate leading to a gauntlet.
 31197 | Gauntlet | Entered a Gauntlet
 31197 | Gauntlet | Found a transporter.
 31197 | Gauntlet | Found a transporter.
 31212 | Gauntlet | Found a transporter.
 31216 | Gauntlet | Found a transporter.
 31228 | Gauntlet | Found a transporter.
 31232 | Gauntlet | Found a transporter.
 31245 | Gauntlet | Found a transporter.
 31266 | Gauntlet | Found a transporter.
 31284 | Gauntlet | Found a transporter.
 31288 | Gauntlet | Found a transporter.
 31298 | Gauntlet | Found a transporter.
 31302 | Gauntlet | Found a transporter.
 31588 | Gauntlet | Gained Wargrak as an ally
 31863 | Gauntlet | Got a flickering steel ring
 31916 | Gauntlet | Identified the ring of Cingoy {MR+ Str+4} (You found it in
                  | a Gauntlet)
 32082 | Gauntlet | Identified the Papyrus of Beguiling
 32088 | Gauntlet | Identified the Almanac of Orientation
 32806 | D:14     | Found a gate to the Vaults.
 32808 | D:14     | Your ally Wargrak died
 32960 | D:14     | Found Piarroax's Magic Scroll Shoppe.
 32983 | D:14     | Got an ancient scimitar
 33500 | D:15     | Entered Level 15 of the Dungeon
 33530 | D:15     | Your ally Garbold died
 33896 | D:15     | Reached XP level 15. HP: 123/141 MP: 24/24
 33951 | D:15     | Reached skill level 15 in Shields
 34269 | D:15     | Found a staircase to the Depths.
 35817 | Snake:1  | Entered Level 1 of the Snake Pit
 35920 | Snake:1  | Found a basalt altar of Yredelemnul.
 36383 | Snake:1  | Reached skill level 16 in Invocations
 36599 | Snake:1  | Killed from afar by a shock serpent

Vault maps used:
D:1:      ldierk_water_garden, minmay_tetromino_i2
D:2:      tso_metal_star, lemuel_round_altar
D:3:      grunt_dithmenos_smoke, minmay_misc_feat_room
D:4:      ashenzari_altar_1, dancing_weapons_uskayaw, lemuel_doored_altar,
          temple_hall, first_ration, serial_glass, glass_columns_a,
          glass_columns_a
D:5:      kennysheep_spiral_hall, nicolae_overflow_hidden_temple,
          fedhas_bush_and_centaur_altar, uniq_menkaure, uniq_eustachio,
          uniq_ijyb, uniq_crazy_yiuf_cottage
D:6:      serial_shops, shop_statue, shop
D:7:      marbit_many_paths, overflow_temple_1_default
D:8:      nicolae_overflow_crystal_walls, lemuel_round_altar, serial_shops,
          nicolae_shop_crystal, blue_anna_alchemist,
          nicolae_ru_sacrificial_ziggurat
D:9:      lemuel_round_altar
D:10:     lair_entry_dummy, gammafunk_ghost_hive, serial_shops,
          nicolae_shop_temple_entry_statues_fountains, uniq_erica, uniq_snorg,
          uniq_maurice
D:11:     serial_shops, shop, kennysheep_mini, shop, nicolae_shop_waterfront
D:12:     erik_orc_4
D:13:     special_room, serial_co_window_serial, co_window_paths_a,
          co_window_corner_a, co_window_paths_a, co_window_paths_b,
          co_window_corner_a, co_window_paths_b, co_window_cross_1,
          co_window_paths_c, co_window_2corner, co_window_cross_4,
          co_window_of_opportunity_c, co_window_corner_b, co_window_paths_d,
          glass_columns_a
D:14:     david_vaults_4, infiniplex_staircase_9_rooms, gauntlet_entry_generic,
          minmay_misc_feat_hallway, minmay_shop_grid_forest
D:15:     hangedman_depths_entry_civil_slaughter, special_room,
          minmay_door_square, minmay_crystal_water
Lair:1:   wad_woods_structure_01, small_statue_intersection
Lair:2:   grunt_megastairs_1, uniq_nergalle
Lair:3:   dummy_snake_entry, grunt_megastairs_4, lemuel_fruit_tree
Lair:4:   swamp_mist, special_room, beast_lair_carwin_6, lemuel_fruit_fields
Lair:5:   pond_and_an_island_with_a_cottage, minmay_slime_entry_pillars
Lair:6:   grunt_lair_end_beastmaster, serial_rivers,
          chequers_serial_rivers_room_a, chequers_serial_rivers_micro_a,
          chequers_serial_rivers_micro_b, chequers_serial_rivers_room_a,
          chequers_serial_rivers_small_b, chequers_serial_rivers_large_b,
          infiniplex_staircase_pool_2
Snake:1:  cheibrodos_forgotten_conduit, basic_altar
Gauntlet: gammafunk_gauntlet_hard_choice

Skill      XL: |  1  2  3  4  5  6  7  8  9 10 11 12 13 14 15 |
---------------+----------------------------------------------+-----
Armour         | 1 2 3 4 5 8 9 10 11 | 11.8
Fighting       | 4 5 6 10 11 12 13 14 15 | 15.8
Axes           | 5 6 7 8 9 10 11 | 11.8
Invocations    | 3 9 10 11 13 14 15 16 | 16.0
Shields        | 6 7 10 13 14 15 | 15.0
Maces & Flails | 2 |  2.0
Dodging        | 3 |  3.0
Stealth        | |  1.5

Action                   |  1- 3 |  4- 6 |  7- 9 | 10-12 | 13-15 || total
-------------------------+-------+-------+-------+-------+-------++-------
Melee: Hand axe          |   134 |   220 |   221 |   379 |       ||   954
       Mace              |       |       |       |   468 |  1197 ||  1665
       Battleaxe         |       |       |       |    29 |       ||    29
       Broad axe         |       |       |       |       |   272 ||   272
 Fire: Hunting sling     |       |    18 |    11 |       |     6 ||    35
Invok: Convert to Beogh  |       |     1 |       |       |       ||     1
       Smiting           |       |       |     3 |     5 |    11 ||    19
       Recall Orcish Fol |       |       |       |     2 |     7 ||     9
       Stop Recall       |       |       |       |       |     1 ||     1
Evoke: Wand              |       |       |       |     1 |       ||     1
  Use: Scroll            |       |       |     6 |    22 |     6 ||    34
       Potion            |       |       |     2 |     7 |     1 ||    10
 Stab: Sleeping          |     3 |       |       |       |       ||     3
       Invisible         |       |       |       |    11 |       ||    11
       Distracted        |       |       |       |     2 |     4 ||     6
       Confused          |       |       |       |       |     3 ||     3
  Eat: Chunk             |     4 |     8 |    16 |    33 |    31 ||    92
       Ration            |       |       |     1 |       |     6 ||     7
Armor: Ring mail         |    38 |    74 |   115 |   418 |   388 ||  1033
       Chain mail        |     7 |       |       |       |       ||     7
       Robe              |     2 |       |       |       |       ||     2
       Fire dragon scale |       |       |       |       |   162 ||   162
Dodge: Dodged            |    80 |    89 |   161 |   427 |   407 ||  1164
Block: Shield            |       |       |       |   431 |  1693 ||  2124
       Reflection        |       |       |       |     2 |    43 ||    45

Table legend:
 A = Non-vault XP
 B = Vault XP
 C = Vault XP percentage of total XP
 D = Non-vault monster count
 E = Vault monster count
 F = Vault count percentage of total count
                 A         B        C        D         E       F
            +---------+---------+-------+---------+---------+-------
      Total |   66148 |   40149 |  37.8 |     446 |     150 |  25.2
            +---------+---------+-------+---------+---------+-------
        D:1 |      24 |       5 |  17.2 |      14 |       2 |  12.5
        D:2 |      87 |       0 |   0.0 |      20 |       0 |   0.0
        D:3 |      72 |       0 |   0.0 |      23 |       0 |   0.0
        D:4 |     639 |       0 |   0.0 |      19 |       0 |   0.0
        D:5 |     441 |     564 |  56.1 |      13 |       5 |  27.8
        D:6 |     816 |       0 |   0.0 |      22 |       0 |   0.0
        D:7 |    1342 |       1 |   0.1 |      17 |       1 |   5.6
        D:8 |     612 |      91 |  12.9 |       8 |       1 |  11.1
        D:9 |    2013 |       0 |   0.0 |      33 |       0 |   0.0
       D:10 |    1119 |    3980 |  78.1 |      11 |      12 |  52.2
       D:11 |    3191 |       0 |   0.0 |      33 |       0 |   0.0
       D:12 |    2708 |     364 |  11.8 |      26 |       7 |  21.2
       D:13 |    3746 |    2449 |  39.5 |      19 |      24 |  55.8
       D:14 |    4378 |    1580 |  26.5 |      22 |       5 |  18.5
       D:15 |   10131 |    5260 |  34.2 |      31 |      11 |  26.2
     Lair:1 |    1656 |     832 |  33.4 |      10 |       6 |  37.5
     Lair:2 |    2403 |     819 |  25.4 |      14 |       2 |  12.5
     Lair:3 |    2168 |    3837 |  63.9 |       9 |       8 |  47.1
     Lair:4 |    7580 |    4468 |  37.1 |      26 |      18 |  40.9
     Lair:5 |    4332 |    2191 |  33.6 |      19 |      11 |  36.7
     Lair:6 |    7544 |    7759 |  50.7 |      30 |      18 |  37.5
    Snake:1 |    9146 |    1990 |  17.9 |      27 |       4 |  12.9
   Gauntlet |       0 |    3959 | 100.0 |       0 |      15 | 100.0
            +---------+---------+-------+---------+---------+-------
